AoeStats
← [GDL] Maldito Pantoja

Black Forest

509431033Analyzed
4v4 RM · 6d ago on Sep 26, 2026· 42m 35s· 8 players
Game mode
Random Map
Map size
Large (8 player)
Population
200
Speed
Normal
Resources
Standard
Victory
Conquest
Starting age
Dark Age
Ending age
Imperial Age
RankedLock teamsTeams togetherTeam positionsShared explorationLock speedFull tech treeHidden civsTurbo modeCheats
Victory
Defeat
🇱🇹 Mongols · Lithuania
1222
+14
🇱🇹 Goths · Lithuania
1199
+15
🇭🇰 Vietnamese · Hong Kong SAR China
1184
+15
🇲🇽 Saracens · Mexico
1152
+16
🇩🇪 Persians · Germany
1200
-16
🇩🇪 Romans · Germany
1175
-15
🇩🇪 Byzantines · Germany
1168
-15
🇨🇱 Spanish · Chile
1138
-14
Luis
0:48 Loom
11:25 Feudal Age
20:48 Castle Age
18:59 Double-Bit Axe
19:05 Horse Collar
21:41 Gold Mining
22:02 Bow Saw
21:55 Heavy Plow
22:11 Stone Mining
23:51 Scale Barding Armor
33:36 Imperial Age
31:47 Wheelbarrow
31:38 Husbandry
32:24 Gold Shaft Mining
32:13 Fletching
35:12 Chain Barding Armor
35:03 Forging
34:30 Cavalier
37:42 Chemistry
36:38 Murder Holes
Almhi
12:23 Feudal Age
16:09 Castle Age
14:13 Double-Bit Axe
14:26 Horse Collar
17:35 Bow Saw
17:32 Heavy Plow
23:32 Stone Mining
23:32 Gold Mining
25:34 Gold Shaft Mining
25:48 Scale Barding Armor
25:57 Forging
27:53 Wheelbarrow
27:03 Loom
27:04 Town Watch
31:58 Fletching
32:12 Scale Mail Armor
32:47 Iron Casting
34:58 Imperial Age
32:44 Hand Cart
32:29 Town Patrol
32:54 Pikeman
38:32 Heavy Scorpion
40:26 Chemistry
40:00 Ballistics
Komposita
0:30 Loom
13:00 Feudal Age
17:35 Castle Age
27:07 Double-Bit Axe
27:05 Horse Collar
32:06 Wheelbarrow
36:11 Town Watch
37:11 Fervor
37:22 Sanctity
37:17 Redemption
42:47 Imperial Age
41:37 Redemption
hurricanehoffmann
10:49 Feudal Age
14:24 Castle Age
12:36 Horse Collar
14:14 Double-Bit Axe
19:19 Loom
21:12 Scale Barding Armor
22:19 Bloodlines
22:25 Husbandry
23:54 Chain Barding Armor
26:27 Wheelbarrow
27:02 Heavy Plow
33:38 Imperial Age
31:58 Hand Cart
31:29 Town Watch
32:36 Forging
35:01 Bow Saw
35:47 Plate Barding Armor
35:43 Town Patrol
35:42 Cavalier
37:24 Iron Casting
39:11 Blast Furnace
38:02 Fletching
40:17 Chemistry
[GDL] Maldito Pantoja
1:31 Loom
11:34 Feudal Age
14:17 Fletching
14:27 Padded Archer Armor
17:46 Double-Bit Axe
17:42 Horse Collar
19:54 Gold Mining
24:51 Castle Age
23:30 Stone Mining
24:53 Crossbowman
25:29 Bodkin Arrow
28:34 Wheelbarrow
31:25 Bow Saw
31:51 Gold Shaft Mining
31:19 Heavy Plow
36:35 Imperial Age
35:10 Forging
35:05 Scale Barding Armor
35:28 Husbandry
37:08 Hand Cart
37:16 Bloodlines
37:39 Conscription
38:39 Iron Casting
39:37 Chain Barding Armor
40:36 Blast Furnace
41:08 Plate Barding Armor
41:38 Town Watch
41:41 Elite Mameluke
43:55 Two-Man Saw
YKY
10:55 Feudal Age
14:54 Castle Age
13:21 Double-Bit Axe
14:01 Gold Mining
14:10 Horse Collar
15:46 Bow Saw
17:23 Loom
22:36 Wheelbarrow
23:42 Hand Cart
24:20 Bloodlines
25:20 Husbandry
25:48 Forging
25:39 Scale Mail Armor
26:31 Pikeman
27:12 Squires
28:03 Iron Casting
27:20 Fletching
27:48 Chain Mail Armor
28:53 Arson
32:26 Imperial Age
30:34 Bodkin Arrow
32:00 Padded Archer Armor
32:56 Heavy Plow
33:13 Leather Archer Armor
35:13 Chemistry
35:33 Two-Man Saw
35:08 Plate Mail Armor
34:39 Bracer
34:10 Halberdier
35:13 Ballistics
35:50 Elite Fire Lancer
36:32 Stone Mining
41:20 Stone Shaft Mining
41:17 Ring Archer Armor
40:53 Scale Barding Armor
Augrar
1:15 Loom
1:34 Loom
12:22 Feudal Age
17:53 Castle Age
16:05 Double-Bit Axe
16:08 Horse Collar
17:34 Scale Mail Armor
18:20 Forging
18:57 Heavy Plow
19:27 Bow Saw
20:23 Chain Mail Armor
25:52 Pikeman
26:33 Squires
28:05 Wheelbarrow
30:43 Gold Mining
44:54 Imperial Age
(:Burundukas:) LT.
4:55 Loom
13:33 Feudal Age
15:06 Wheelbarrow
14:44 Double-Bit Axe
14:41 Horse Collar
17:37 Castle Age
19:02 Bow Saw
18:55 Heavy Plow
25:23 Fletching
25:33 Padded Archer Armor
27:56 Thumb Ring
28:49 Bodkin Arrow
29:10 Leather Archer Armor
29:32 Ballistics
29:24 Husbandry
29:34 Bloodlines
36:12 Imperial Age
36:55 Heavy Cavalry Archer
38:11 Fortified Wall
39:02 Chemistry
38:32 Parthian Tactics
38:11 Bracer
39:05 Capped Ram
40:43 Siege Ram
Connection lost

Rejoining the realm…

Still unreachable

The connection could not be restored.

Session expired

The server has moved on; the page needs a fresh start.